[Event "31st MPL National U18G Chess-ch 2022"]
[Site "Pollachi"]
[Date "2022.04.20"]
[Round "6.4"]
[White "Tejaswi R"]
[Black "Chinnam Vyshnavi"]
[Result "0-1"]
[ECO "A52"]
[WhiteElo "1460"]
[BlackElo "1721"]
[Annotator "NA RC COMBH"]
[PlyCount "118"]
[EventDate "2022.04.18"]
[EventCountry "IND"]
[SourceTitle "playchess.com"]
[Source "ChessBase"]
[SourceQuality "1"]
[TimeControl "5400+30"]

1. d4 Nf6 2. c4 e5 3. dxe5 Ng4 4. Bf4 Nc6 5. Nf3 Bb4+ 6. Nbd2 Qe7 7. e3 Ngxe5 8. Be2 Bxd2+ 9. Qxd2 d6 10. O-O O-O 11. Nd4 Bd7 12. a3 Rfe8 13. Rfe1 a5 14. Qc2 Qf6 15. Bg3 Nxd4 16. exd4 Nc6 17. d5 Nd4 18. Qd1 Bf5 19. Rc1 Re7 20. Bf1 Rxe1 21. Qxe1 Nc2 22. Qc3 Qxc3 23. bxc3 Nxa3 24. f3 Nb1 25. c5 a4 26. Bc4 Nd2 27. Ba2 Nb3 28. Rd1 Nxc5 29. Bf2 Bc2 30. Rd2 Bb3 31. Bxc5 dxc5 32. c4 Bxa2 33. Rxa2 a3 34. Kf2 Kf8 35. Ke3 Ke7 36. Kd3 Kd6 37. Kc3 c6 38. dxc6 Kxc6 39. g3 b5 40. cxb5+ Kxb5 41. Kb3 c4+ 42. Kc3 Rd8 43. Rxa3 Rd3+ 44. Kb2 Rxa3 45. Kxa3 Kc5 46. Kb2 Kd4 47. Kc2 f5 48. f4 h5 49. Kd2 c3+ 50. Kc2 Kc4 51. h3 Kd4 52. h4 Kc4 53. Kc1 Kd3 54. Kd1 c2+ 55. Kc1 Kc3 56. g4 hxg4 57. h5 g3 58. h6 g2 59. h7 g1=Q# 0-1

[Event "31st MPL National U18G Chess-ch 2022"]
[Site "Pollachi"]
[Date "2022.04.20"]
[Round "6.5"]
[White "Saniya Rafique Tadavi"]
[Black "Anupam M Sreekumar"]
[Result "0-1"]
[ECO "C54"]
[WhiteElo "1298"]
[BlackElo "1724"]
[Annotator "NA RC COMBH"]
[PlyCount "179"]
[EventDate "2022.04.18"]
[EventCountry "IND"]
[SourceTitle "playchess.com"]
[Source "ChessBase"]
[SourceQuality "1"]
[TimeControl "5400+30"]

1. e4 e5 2. Nf3 Nc6 3. d4 exd4 4. Bc4 Bc5 5. c3 Nf6 6. e5 d5 7. Bb5 Ne4 8. cxd4 Bb6 9. O-O Bg4 10. Be3 O-O 11. Bxc6 bxc6 12. Qc1 Qd7 13. Nbd2 f6 14. exf6 gxf6 15. Nxe4 dxe4 16. Nd2 Rae8 17. Kh1 Kh8 18. f3 Bf5 19. Qc3 Rg8 20. Rad1 Qg7 21. Rg1 exf3 22. Nxf3 Be4 23. Bf2 Bd5 24. a4 a5 25. Qd2 Qg4 26. Bh4 Rg6 27. Qf2 Reg8 28. Bg3 Bxf3 29. Qxf3 Qxf3 30. gxf3 Rd8 31. Bf2 Rxg1+ 32. Kxg1 Rd5 33. Rc1 Bxd4 34. Rxc6 Bxb2 35. Rxc7 Be5 36. Ra7 Rd1+ 37. Kg2 Rd2 38. Ra8+ Kg7 39. Kf1 Bc3 40. Ra7+ Kg6 41. Rc7 Be5 42. Rc4 Bxh2 43. Rc5 Be5 44. Rxa5 h5 45. Be3 Rd7 46. f4 Bd4 47. f5+ Kf7 48. Bxd4 Rxd4 49. Kg2 Rd3 50. Rb5 Kg7 51. a5 Ra3 52. Rb7+ Kh6 53. Ra7 Kg5 54. a6 h4 55. Ra8 Kg4 56. a7 h3+ 57. Kg1 Ra1+ 58. Kh2 Ra2+ 59. Kg1 h2+ 60. Kh1 Kxf5 61. Rg8 Rxa7 62. Kxh2 Kf4 63. Rf8 f5 64. Kg2 Ra2+ 65. Kf1 Kg4 66. Ke1 f4 67. Rf7 Kg3 68. Rf8 Ra1+ 69. Ke2 Ra2+ 70. Ke1 Kf3 71. Rf7 Ra1+ 72. Kd2 Rg1 73. Rf8 Rg4 74. Ke1 Rg1+ 75. Kd2 Rf1 76. Rf7 Kg2 77. Ke2 f3+ 78. Kd2 Kf2 79. Kd3 Ra1 80. Rf8 Ra3+ 81. Kd2 Kf1 82. Rf7 f2 83. Rf8 Kg2 84. Ke2 Ra2+ 85. Ke3 f1=Q 86. Rg8+ Kh3 87. Rh8+ Kg4 88. Rg8+ Kh5 89. Rh8+ Kg6 90. Kd4 0-1

[Event "31st MPL National U18G Chess-ch 2022"]
[Site "Pollachi"]
[Date "2022.04.20"]
[Round "6.6"]
[White "Sasvatha A"]
[Black "Khairmode Dhanashree"]
[Result "0-1"]
[ECO "E12"]
[WhiteElo "1756"]
[BlackElo "1438"]
[Annotator "NA RC COMBH"]
[PlyCount "100"]
[EventDate "2022.04.18"]
[EventCountry "IND"]
[SourceTitle "playchess.com"]
[Source "ChessBase"]
[SourceQuality "1"]
[TimeControl "5400+30"]

1. d4 Nf6 2. c4 e6 3. Nf3 b6 4. Nc3 Bb4 5. Bg5 Bb7 6. e3 O-O 7. a3 Bxc3+ 8. bxc3 d5 9. cxd5 exd5 10. Bd3 c5 11. Ne5 Qd6 12. Bxf6 Qxf6 13. Qh5 g6 14. Qh6 Qg7 15. Qf4 f6 16. Nf3 Nc6 17. h4 Ne7 18. Rh3 Kh8 19. g4 Rae8 20. Qg3 Bc8 21. h5 g5 22. Kd2 Nc6 23. Rh2 Na5 24. Rb1 Qe7 25. h6 c4 26. Bc2 Qd7 27. Rg2 Nb7 28. Kc1 Nd6 29. Nd2 Qe7 30. Qf3 Ne4 31. Nxe4 dxe4 32. Qe2 Qxa3+ 33. Kd2 Ba6 34. Rgg1 Qd6 35. Ra1 b5 36. Rgb1 Re7 37. Ra5 b4 38. Qe1 bxc3+ 39. Kxc3 Bc8 40. Bd1 Be6 41. Rba1 Rb8 42. Kc2 Reb7 43. Qc3 Rb3 44. Qe1 Qb6 45. R5a2 Rb2+ 46. Kc1 Rb1+ 47. Kd2 Rxa1 48. Rxa1 Qb2+ 49. Bc2 c3+ 50. Ke2 Bc4+ 0-1

[Event "31st MPL National U18G Chess-ch 2022"]
[Site "Pollachi"]
[Date "2022.04.20"]
[Round "6.7"]
[White "Varshita Jain"]
[Black "Ishvi Aggarwal"]
[Result "0-1"]
[ECO "C96"]
[WhiteElo "1491"]
[BlackElo "1833"]
[Annotator "NA RC COMBH"]
[PlyCount "68"]
[EventDate "2022.04.18"]
[EventCountry "IND"]
[SourceTitle "playchess.com"]
[Source "ChessBase"]
[SourceQuality "1"]
[TimeControl "5400+30"]

1. e4 e5 2. Nf3 Nc6 3. Bb5 a6 4. Ba4 Nf6 5. O-O Be7 6. Re1 b5 7. Bb3 d6 8. c3 O-O 9. h3 Na5 10. Bc2 c5 11. d4 Nd7 12. d5 c4 13. Nbd2 Nb6 14. Nf1 f5 15. exf5 Bxf5 16. Bxf5 Rxf5 17. Ng3 Rf8 18. Ne4 h6 19. Be3 Nd7 20. Qd2 ({Better is} 20. Nfd2 $16) 20... Qe8 21. Bxh6 gxh6 22. Qxh6 Qf7 23. Neg5 Bxg5 24. Nxg5 Qg7 25. Qe6+ (25. Qxd6 $11 {keeps the balance.} Qxg5 26. Qxd7) 25... Kh8 26. Qxd6 Nb7 27. Qc7 Qxg5 28. Qxb7 Nc5 29. Qb6 Nd3 30. Rf1 (30. Qe3 $19 Qg7 31. Re2) 30... Nf4 31. g3 Nxh3+ 32. Kh2 Qh5 33. Kg2 {[%emt 0:00:47] [#]} Nf4+ $1 34. Kg1 {[%emt 0:00:54] [#]} Qh3 $1 0-1

[Event "31st MPL National U18G Chess-ch 2022"]
[Site "Pollachi"]
[Date "2022.04.21"]
[Round "7.1"]
[White "Udagedara, Sandali Kanishka"]
[Black "Bhagyashree Patil"]
[Result "0-1"]
[ECO "D35"]
[WhiteElo "1510"]
[BlackElo "1974"]
[Annotator "TA"]
[PlyCount "100"]
[EventDate "2022.04.18"]
[EventCountry "IND"]
[SourceTitle "playchess.com"]
[Source "ChessBase"]
[SourceQuality "1"]
[TimeControl "5400+30"]

1. c4 e6 2. Nc3 d5 3. cxd5 exd5 4. d4 Nf6 5. Bf4 Bd6 6. Bxd6 {[%emt 0:00:00] D35: Queen's Gambit Declined: Exchange Variation.} Qxd6 7. e3 O-O 8. Bd3 {[%emt 0:00:00] The position is equal.} b6 9. Nge2 {[%emt 0:00:00] [#]} c5 $146 ({Predecessor:} 9... c6 10. Ng3 Re8 11. O-O g6 12. Qd2 a5 13. f3 Ra7 14. Rae1 Rae7 15. Qf2 Be6 16. h3 Rd8 {½-½ (16) Borges,G (2101)-Gauche,C (2237) Blumenau 2015}) 10. dxc5 bxc5 11. Qc2 (11. O-O $11 {keeps the balance.}) 11... Nc6 $17 {[%emt 0:07:16] ...c4 is the strong threat.} 12. a3 Ne5 13. O-O Nxd3 14. Qxd3 Ba6 15. Qf5 Rab8 {[%emt 0:05:01] Inhibits b4.} (15... Rae8 $17 {Threatens to win with ...d4.} 16. b4 d4 17. bxc5 Qc7 18. Nxd4 Re5) 16. Rab1 (16. b4 $1 $11 {remains equal.}) 16... g6 {[%emt 0:17:08] Black converts the advantage convincingly.} 17. Qf3 Bd3 18. Rbd1 c4 $36 {[%emt 0:00:02][%mdl 2048] White is under strong pressure. &Nero is more active.} 19. Rd2 {[%emt 0:00:00] [#]} (19. b4 $17) 19... Ne4 $1 $19 20. Nxe4 (20. Rfd1 $17) 20... dxe4 21. Qxe4 {[%emt 0:00:00] [#]} (21. Qf4 Qxf4 22. exf4) 21... Rxb2 $1 22. Rxd3 Qxd3 23. Ng3 Qxe4 24. Nxe4 {[%emt 0:00:00][%mdl 4096] Endgame KRR-KRN} f5 25. Nc3 Rb3 26. Rc1 Rxa3 27. Kf1 Rb3 28. Ke2 Rd8 29. Rc2 a5 30. f3 Rdb8 31. Nd1 R8b4 {[%emt 0:00:12] aiming for ...a4.} 32. Kd2 a4 {[%emt 0:00:40] Hoping for ...a3.} 33. Rc1 Rb1 {[%emt 0:00:54] White must now prevent ...Rxc1.} 34. Rxb1 Rxb1 {[%emt 0:00:06] KR-KN} 35. Kc2 Rb3 (35... Rb8 $142 36. Nc3 a3) 36. Nc3 a3 37. e4 fxe4 {[%emt 0:00:11] Black mates.} 38. fxe4 {[%emt 0:00:00] [#]} Rxc3+ $1 39. Kxc3 {[%emt 0:00:00] KP-KP} Kf7 40. Kc2 Ke6 41. Kb1 c3 42. g4 Ke5 43. h4 Kxe4 44. h5 gxh5 45. gxh5 Kd3 46. h6 c2+ 47. Ka2 c1=Q 48. Kb3 Qb2+ 49. Ka4 a2 50. Ka5 a1=R# {[%emt 0:00:04] Weighted Error Value: White=0.50/Black=0.10 (very precise)} 0-1

[Event "31st MPL National U18G Chess-ch 2022"]
[Site "Pollachi"]
[Date "2022.04.21"]
[Round "7.3"]
[White "Keerti Shree Reddy"]
[Black "Anupam M Sreekumar"]
[Result "1-0"]
[ECO "C13"]
[WhiteElo "1721"]
[BlackElo "1724"]
[Annotator "NA RC COMBH"]
[PlyCount "111"]
[EventDate "2022.04.18"]
[EventCountry "IND"]
[SourceTitle "playchess.com"]
[Source "ChessBase"]
[SourceQuality "1"]
[TimeControl "5400+30"]

1. d4 d5 2. Nc3 Nf6 3. Bg5 e6 4. e4 dxe4 5. Nxe4 Be7 6. Bxf6 Bxf6 7. c3 Bd7 8. Nf3 Bc6 9. Bd3 Nd7 10. O-O O-O 11. Re1 Re8 12. Qc2 Be7 13. Rad1 Bf8 14. Re3 g6 15. Ne5 Bxe4 16. Bxe4 c6 17. Nc4 Qc7 18. h4 c5 19. Qe2 Rac8 20. b3 cxd4 21. cxd4 Bg7 22. h5 Nf6 23. hxg6 hxg6 24. Bf3 Bh6 25. Re5 Nd7 26. Rb5 b6 27. Ne5 Nf6 28. Bc6 Re7 29. Rb4 Qd6 30. Rc4 Kg7 31. Rd3 Rh8 32. Rh3 Nd5 33. g3 Nb4 34. Bg2 b5 35. Rxb4 Qxb4 36. Nc6 Qd6 37. Nxe7 Qxe7 38. Qxb5 Rc8 39. Qe5+ f6 40. Qe2 Qd6 41. Rh4 Bg5 42. Re4 f5 43. Rxe6 Qxd4 44. Rxg6+ Kxg6 45. Qe6+ Bf6 46. Qxc8 Qa1+ 47. Bf1 Qxa2 48. Qg8+ Kh6 49. Qf8+ Kg6 50. Bb5 Qxb3 51. Be8+ Kg5 52. Bf7 Qb1+ 53. Kh2 Kg4 54. Qh6 Kf3 55. Qe3+ Kg4 56. Qf4# 1-0

[Event "31st MPL National U18G Chess-ch 2022"]
[Site "Pollachi"]
[Date "2022.04.21"]
[Round "7.4"]
[White "Ishvi Aggarwal"]
[Black "Khairmode Dhanashree"]
[Result "1-0"]
[ECO "D76"]
[WhiteElo "1833"]
[BlackElo "1438"]
[Annotator "NA RC COMBH"]
[PlyCount "59"]
[EventDate "2022.04.18"]
[EventCountry "IND"]
[SourceTitle "playchess.com"]
[Source "ChessBase"]
[SourceQuality "1"]
[TimeControl "5400+30"]

1. d4 Nf6 2. c4 g6 3. g3 Bg7 4. Bg2 d5 5. cxd5 Nxd5 6. Nf3 O-O 7. O-O Nb6 8. Nc3 Nc6 9. d5 Nb4 10. e4 c6 11. Qb3 Na6 {[%emt 0:02:55] has lost popularity (11...Nd3).} 12. Be3 {[%emt 0:03:59] [#]} c5 $146 ({Predecessor:} 12... cxd5 $14 13. Nxd5 (13. Rad1 e6 14. exd5 Nxd5 15. Nxd5 exd5 16. Rxd5 Qe7 17. Rb5 b6 18. Nd4 Bb7 19. Bxb7 Qxb7 {0-1 (55) Horvath,C (2495)-Kozul,Z (2595) Osijek 1993}) 13... Nxd5 14. exd5 Nc7) 13. Rfd1 Bd7 14. e5 Bg4 15. Bf4 ({White should try} 15. a4 $16) 15... Qc8 16. Ne4 h6 (16... c4 $14 17. Qa3 Bf5) 17. d6 e6 18. Nf6+ Bxf6 19. exf6 g5 20. Bxg5 hxg5 21. Qe3 Kh7 22. Qxg5 Rg8 23. Qh4+ Kg6 24. Qxg4+ Kxf6 25. Qf4+ Kg7 $18 26. Ne5 f6 27. Ng4 Nd7 28. Qh6+ Kf7 29. Qh7+ Rg7 30. Nh6+ 1-0

[Event "31st MPL National U18G Chess-ch 2022"]
[Site "Pollachi"]
[Date "2022.04.21"]
[Round "7.5"]
[White "Vijayasubhasri S"]
[Black "Priya Mondal"]
[Result "1-0"]
[ECO "B01"]
[WhiteElo "1571"]
[BlackElo "1263"]
[Annotator "NA RC COMBH"]
[PlyCount "87"]
[EventDate "2022.04.18"]
[EventCountry "IND"]
[SourceTitle "playchess.com"]
[Source "ChessBase"]
[SourceQuality "1"]
[TimeControl "5400+30"]

1. e4 d5 2. exd5 Qxd5 3. Nc3 Qa5 4. Bc4 Nf6 5. h3 c6 6. d3 Bf5 7. Bd2 Qc7 8. Qe2 e6 9. Nf3 Bg6 10. Ne5 Bh5 11. g4 Bd6 12. Bf4 Bg6 13. Bg3 Qe7 14. h4 Bxe5 15. Bxe5 h6 16. O-O-O Nbd7 17. Bg3 O-O-O 18. Rhe1 Qc5 19. f3 Nb6 20. Bb3 Rhe8 21. Qh2 Nbd5 22. Na4 Qa5 23. Qf2 b6 24. Be5 Kb7 25. Nc3 Rg8 26. Ne4 Ne8 27. Nd2 Nec7 28. Nc4 Qa6 29. Nd6+ Ka8 30. h5 f6 31. hxg6 fxe5 32. Nf7 Rc8 33. Nxe5 Kb7 34. Nf7 Kb8 35. Qg3 Ka8 36. Qd6 Nb5 37. Qe5 Nbc7 38. Kb1 Nf6 39. Nxh6 Nd7 40. Qd6 gxh6 41. Qxd7 Nd5 42. Qxe6 Nf4 43. Qe4 Rgf8 44. g7 1-0

[Event "31st MPL National U18G Chess-ch 2022"]
[Site "Pollachi"]
[Date "2022.04.21"]
[Round "7.6"]
[White "Kheerthi Ganta"]
[Black "Aswinika Mani R"]
[Result "0-1"]
[ECO "A60"]
[WhiteElo "2011"]
[BlackElo "1396"]
[Annotator "TA"]
[PlyCount "148"]
[EventDate "2022.04.18"]
[EventCountry "IND"]
[SourceTitle "playchess.com"]
[Source "ChessBase"]
[SourceQuality "1"]
[TimeControl "5400+30"]

1. d4 Nf6 2. Nf3 c5 3. d5 e6 4. c4 exd5 5. cxd5 d6 6. Nc3 Be7 7. e4 Bg4 {[%emt 0:02:05] A60: Modern Benoni: Early Divergences.} 8. Be2 O-O 9. Nd2 Bxe2 {[%emt 0:01:32] White is slightly better.} 10. Qxe2 Nfd7 {[%emt 0:03:09] [#]} 11. O-O $146 ({Predecessor:} 11. Nc4 Re8 12. O-O Nb6 13. Ne3 Bf6 14. Nf5 Bxc3 15. bxc3 Qf6 16. Qg4 N8d7 17. h4 {0-1 (31) Cerniauskas,M (1677)-Luksic,E ICCF email 2015}) 11... Bf6 12. Nc4 Bxc3 (12... Ne5) ({Black should play} 12... Ne5 $14) 13. bxc3 $16 Nb6 14. Nxb6 (14. Ne3) (14. Ne3 $1 $16) 14... axb6 $14 15. c4 Ra4 (15... Nd7) 16. Qc2 Qd7 (16... Ra6) 17. Rb1 Rb4 (17... Ra6) 18. a3 (18. Bf4) 18... Rxb1 19. Qxb1 Qc7 20. Bb2 f6 21. f4 Qf7 (21... b5) (21... b5 $11) 22. Rf3 (22. e5 $16) 22... Qh5 23. Bc3 Nd7 24. a4 Re8 25. a5 Qg6 26. Re3 (26. axb6 Rxe4 27. f5 Qe8) (26. axb6 Rxe4 27. f5 Qe8 $17) 26... Qg4 27. Rf3 Qg6 $1 28. Qb5 (28. axb6 Qxe4 29. Qb5 Re7 $17) 28... Re7 29. Re3 (29. axb6 Qxe4 30. h3 Nf8 $17) 29... Qg4 30. Rf3 (30. g3 Qd1+ 31. Be1 g5) (30. g3 Qd1+ 31. Be1 g5 $17) 30... Qg6 31. axb6 $2 (31. Re3 $11) 31... Qxe4 $19 32. h3 Qc2 33. Qa5 $2 (33. Kh2) 33... Qb1+ $2 (33... Re2 34. Qa8+ Nf8) (33... Re2 34. Qa8+ Nf8) 34. Kh2 (34. Rf1 Qb3 35. Qa8+ Nf8 36. Re1 (36. Qd8 Rd7)) (34. Rf1 $142 Qb3 35. Qa8+ Nf8 36. Re1 (36. Qd8 $2 Rd7 $19)) 34... Nxb6 35. Rg3 Kf7 36. Qa7 $2 (36. f5) (36. f5) 36... Nd7 $2 ({Black should try} 36... Nxc4 $19 {And now ...Ne3 would win.} 37. Qa1 Qxa1 38. Bxa1 b5) 37. Qa8 $11 Nf8 {[%emt 0:00:59] Strongly threatening ...Qe4.} 38. Qd8 $2 (38. Qb8 $1 $11 {and White is okay.} Qb6 39. Qc8) 38... Rd7 $19 39. Qc8 Qf5 40. Bd2 {[%emt 0:00:10] [#]} g6 $2 (40... Qc2 $1 $19 41. Ra3 (41. Bc3 $2 Qe4 $19) 41... Qxd2) 41. Ra3 $11 {[%emt 0:01:37] Threatening mate with Ra8.} Qe4 42. Re3 Qxf4+ 43. Kg1 $2 {[%emt 0:00:37][%mdl 8192] [#]} (43. Kh1 $11 {and White has nothing to worry.} Qf1+ 44. Kh2 Qf4+ 45. Kh1 Qf1+ 46. Kh2 Qf4+) 43... Qd4 $1 $19 ({Stronger than} 43... Qxc4 44. Re8 Kg7 45. Rxf8 Qd4+ 46. Kh2 Qe5+ 47. Kh1 Qa1+ 48. Kh2 Qe5+ 49. Kh1 Qa1+ 50. Kh2 Qe5+ $11) 44. Kh1 $2 (44. Kh2 Qxd2 45. Re8 Qf4+ 46. Kh1) (44. Qe8+ Kg8 45. Bc3 Qxc4 46. Bxf6) 44... Qxd2 45. Re8 Qh6 ({Wrong is} 45... Qc1+ $2 46. Kh2 Qf4+ 47. Kh1 $19) 46. Rxf8+ Qxf8 47. Qxd7+ {[%emt 0:00:03][%mdl 4096] Endgame KQ-KQ} Qe7 48. Qc8 f5 49. Kg1 Kf6 (49... Qe3+ 50. Kh2) ({Not} 49... Qe3+ $2 50. Kf1 $19) 50. Qh8+ Kg5 51. Qc8 Qe1+ (51... Qe3+ 52. Kh1 Kf4 53. Kh2) 52. Kh2 Qe5+ 53. Kh1 (53. g3 {was the only defense.} Qe2+ 54. Kg1) 53... Kf4 54. Qxb7 g5 55. Qb1 Qe3 {[%emt 0:00:14] White must now prevent ...Kg3.} 56. Kh2 Ke5 {[%emt 0:00:20] Threatens to win with ...Qf4+.} 57. Qb2+ Ke4 58. Qf6 Qf4+ 59. Kg1 Kd3 60. Qe6 Qe3+ $2 (60... Kxc4 61. Qe2+ Kxd5) 61. Kh2 Qf4+ $2 (61... Qe4 62. Qxd6 Kxc4 63. Qa6+ Kxd5 64. Qa8+ Ke5 65. Qb8+ Kd4 66. Qb2+ Kd5 67. Qb7+ Kd4 68. Qb2+ Kc4 69. Qa2+ Kb5 70. Qb2+ Kc6 71. Qf6+ Kd5 72. Qd8+ Kc4 73. Qg8+ Kc3 74. Qxg5 c4 75. Qc1+ Qc2) (61... Qe4 62. Qxd6 Kxc4 63. Qa6+ Kxd5 64. Qa8+ Kd6 65. Qb8+ Kc6 66. Qc8+ Kb5 67. Qd7+ Kb4 68. Qd2+ Kb3 69. Qd1+ Kb2 70. Qd2+ Qc2) 62. Kg1 $1 Kxc4 63. Qe2+ Kxd5 {[%emt 0:00:13] aiming for ...Qd4+.} 64. Qa2+ Qc4 65. Qa8+ Ke5 66. Qh8+ Kf4 67. Kh2 Ke3 {[%emt 0:00:32] ( -> ...Kf2)} 68. Qe8+ Qe4 (68... Kf2 $142 69. Qe3+ Kxe3 70. Kg1 Qc1+ 71. Kh2 Kf2 72. h4 Qg1+ 73. Kh3 Qxg2#) 69. Qb8 Kf2 {[%emt 0:01:07][%csl Gf2][%cal Re4g2] Black mates.} 70. Qb2+ Qe2 71. Qb3 Qe5+ 72. g3 Qe2 73. Qd5 Kf1+ 74. Kh1 Qe4+ {[%emt 0:00:08] Weighted Error Value: White=0.76/Black=0.50} 0-1

[Event "31st MPL National U18G Chess-ch 2022"]
[Site "Pollachi"]
[Date "2022.04.21"]
[Round "7.7"]
[White "Sindhusree K"]
[Black "Shreshtha Surai"]
[Result "1-0"]
[ECO "D59"]
[WhiteElo "1467"]
[BlackElo "1583"]
[Annotator "NA RC COMBH"]
[PlyCount "69"]
[EventDate "2022.04.18"]
[EventCountry "IND"]
[SourceTitle "playchess.com"]
[Source "ChessBase"]
[SourceQuality "1"]
[TimeControl "5400+30"]

1. d4 Nf6 2. c4 e6 3. Nf3 d5 4. Bg5 Be7 5. Nc3 h6 6. Bh4 O-O 7. e3 b6 8. cxd5 Nxd5 9. Bxe7 Qxe7 10. Nxd5 exd5 11. Rc1 Ba6 12. Bxa6 Nxa6 13. a3 Rfd8 14. Ne5 Nb8 15. b4 a5 16. O-O Ra7 17. Qb3 axb4 18. axb4 f6 19. Nd3 Qd6 20. e4 Nc6 21. e5 fxe5 22. Rxc6 Qxc6 23. Nxe5 Qe6 24. f4 Rda8 25. f5 Qd6 26. f6 Ra1 27. f7+ Kf8 28. Qf3 Rxf1+ 29. Qxf1 g6 30. h4 h5 31. g4 hxg4 32. h5 gxh5 33. Qf5 Rd8 34. Qh7 Ke7 35. f8=Q+ 1-0

[Event "31st MPL National U18G Chess-ch 2022"]
[Site "Pollachi"]
[Date "2022.04.21"]
[Round "8.1"]
[White "Bhagyashree Patil"]
[Black "Ishvi Aggarwal"]
[Result "1-0"]
[ECO "C54"]
[WhiteElo "1974"]
[BlackElo "1833"]
[Annotator "TA"]
[PlyCount "61"]
[EventDate "2022.04.18"]
[EventCountry "IND"]
[SourceTitle "playchess.com"]
[Source "ChessBase"]
[SourceQuality "1"]
[TimeControl "5400+30"]

1. e4 e5 2. Nf3 Nc6 3. Bc4 Bc5 4. c3 Nf6 5. d3 O-O 6. O-O d5 7. exd5 Nxd5 8. Nbd2 {[%emt 0:02:07] C54: Giuoco Piano: 4 c3 Nf6, main lines with 5 d4 and 5 d3.} Bg4 9. Ne4 Be7 10. h3 {[%emt 0:01:28] White is slightly better.} Bh5 11. Re1 Nb6 12. Bb3 Bg6 13. Be3 Qd7 14. Qe2 {[%emt 0:08:50] [#]} Rad8 $146 ({Predecessor:} 14... Rfe8 15. Rad1 Rad8 16. Nh2 Qc8 17. f3 Kh8 18. Nf1 f5 19. Nf2 Bf6 20. Bc1 Re7 {0-1 (80) Yang,J (1512)-Mikheeva,G (1952) Weifang 2019}) 15. Rad1 Nd5 16. Nc5 (16. Ba4 $14 {deserves consideration.}) 16... Qc8 $11 (16... Bxc5 {is more complex.} 17. Bxc5 Rfe8 18. Bxd5 Qxd5 19. d4 Qxa2 20. Qb5 Bc2) 17. d4 exd4 (17... b6 {keeps more tension.} 18. Ba4 Nb8 19. Nb3 Nxe3 20. Qxe3 e4) 18. Bxd4 (18. Nxd4 {looks sharper.} Ne5 19. Bg5 Bxg5 20. Qxe5 Bf6 21. Qg3) 18... Nxd4 19. Rxd4 Bxc5 {[%emt 0:02:21] This bishop pair is nice.} 20. Rxd5 Rxd5 21. Bxd5 c6 22. Bb3 Qd8 23. Ne5 Qc7 (23... a5 $14) 24. h4 $16 ({Much worse is} 24. Nxg6 hxg6 25. Qf3 Qd6 $11) 24... Bd6 (24... a5 $142) 25. Nxg6 {[%emt 0:03:25] &Bianco is much more active.} hxg6 26. Qg4 (26. h5 $142 {Hoping for hxg6.} Bh2+ 27. Kh1 gxh5 28. Qxh5) 26... Qb6 ({Black should play} 26... Bc5) 27. Re3 Qb5 28. Qd7 Bb8 (28... Be5 $16 29. Re1 a6) 29. Re8 Kh7 30. Rxf8 Qe5 {[%emt 0:00:00] [#]} 31. Rxb8 $1 {[%emt 0:00:27] Weighted Error Value: White=0.10 (very precise) /Black=0.66} 1-0

[Event "31st MPL National U18G Chess-ch 2022"]
[Site "Pollachi"]
[Date "2022.04.21"]
[Round "8.2"]
[White "Keerti Shree Reddy"]
[Black "Chinnam Vyshnavi"]
[Result "0-1"]
[ECO "C00"]
[WhiteElo "1721"]
[BlackElo "1721"]
[Annotator "NA RC COMBH"]
[PlyCount "96"]
[EventDate "2022.04.18"]
[EventCountry "IND"]
[SourceTitle "playchess.com"]
[Source "ChessBase"]
[SourceQuality "1"]
[TimeControl "5400+30"]

1. e4 e6 2. Qe2 Ne7 3. g3 g6 4. Bg2 Bg7 5. Nf3 O-O 6. O-O b6 7. Rd1 d5 8. c3 Ba6 9. d3 c5 10. a3 Nbc6 11. Nbd2 d4 12. cxd4 cxd4 13. b4 b5 14. Nb3 e5 15. Nh4 Bf6 16. Bh6 Re8 17. Rac1 Bc8 18. f4 Rb8 19. Nf3 Bg4 20. h3 Bxf3 21. Qxf3 Rb6 22. Rf1 Kh8 23. h4 Ng8 24. Bg5 h6 25. Bxf6+ Nxf6 26. g4 Kg7 27. Rc5 Qe7 28. Na5 Nxa5 29. Rxe5 Re6 30. Rxe6 Qxe6 31. f5 Qe5 32. bxa5 g5 33. hxg5 hxg5 34. Kf2 Rc8 35. Re1 Rc2+ 36. Re2 Rxe2+ 37. Kxe2 Qc5 38. Kf2 Nd7 39. f6+ Nxf6 40. Qf5 Qxf5+ 41. gxf5 Ng4+ 42. Ke2 Ne3 43. Bh1 Kf6 44. Kf2 g4 45. Bg2 Kg5 46. Kg3 f6 47. a6 Nc2 48. e5 fxe5 0-1

[Event "31st MPL National U18G Chess-ch 2022"]
[Site "Pollachi"]
[Date "2022.04.21"]
[Round "8.3"]
[White "Rindhiya V"]
[Black "Udagedara, Sandali Kanishka"]
[Result "1-0"]
[ECO "B15"]
[WhiteElo "1949"]
[BlackElo "1510"]
[Annotator "TA"]
[PlyCount "119"]
[EventDate "2022.04.18"]
[EventCountry "IND"]
[SourceTitle "playchess.com"]
[Source "ChessBase"]
[SourceQuality "1"]
[TimeControl "5400+30"]

1. e4 c6 2. d4 d5 3. Nc3 dxe4 4. Nxe4 Nf6 5. Nxf6+ exf6 6. c3 Bd6 7. Bd3 O-O 8. Qc2 {[%emt 0:00:03] Active counter play!} Re8+ {[%emt 0:00:05] B15: Caro-Kann: 3 Nc3: 3...g6 and 3...dxe4 4 Nxe4 Nf6 5 Nxf6+ exf6.} 9. Ne2 (9. Be3 $5 ) 9... h5 10. Be3 Nd7 {[%emt 0:06:39] White has an edge.} 11. O-O-O Nf8 12. Kb1 {[%emt 0:01:00] [#]} Bg4 $146 ({Predecessor:} 12... Be6 13. c4 Rc8 14. Nc3 Bb4 15. a3 Bxc3 16. Qxc3 b5 17. d5 cxd5 18. c5 Qd7 {1-0 (35) Tabatabaei,M (2629)-Svane,R (2613) Chess.com INT 2020}) 13. h3 Bxe2 (13... Be6) (13... Be6 $14) 14. Qxe2 $16 g6 15. g4 h4 16. Qd2 g5 (16... Qc7) 17. f4 Ne6 18. fxg5 fxg5 19. Rhf1 Nf4 (19... Kg7) 20. Bxf4 Bxf4 21. Rxf4 gxf4 22. Qxf4 {[%emt 0:00:04] Qh6 is the strong threat.} Kg7 {[%emt 0:08:27] Inhibits Qh6+.} 23. g5 {[%emt 0:10:24] Prevents Qf6.} Qe7 24. g6 ({Better is} 24. Rf1 $16) 24... f6 $1 $11 25. Qxh4 {[%emt 0:02:11] Threatening mate with Qh7+.} Rh8 {[%emt 0:00:03] Prevents Qh7+.} 26. Re1 $40 {[%emt 0:01:15][%mdl 128] White attacks.} Qd7 (26... Qd6 $11 27. Qg4 Rae8 28. Rxe8 Rxe8) 27. Qg4 $16 {[%emt 0:00:38] Dancing on a razor blade.} Qxg4 (27... Qc7 28. Rf1 Rae8) (27... Rad8 $16) 28. Re7+ $18 Kh6 29. hxg4 {[%emt 0:00:03][%mdl 4096] Endgame KRR-KRB} Rab8 30. Bf5 Rhg8 31. Kc2 Rg7 32. Rxg7 Kxg7 $16 {[%emt 0:26:40] [#] KR-KB} 33. c4 $1 Rh8 34. a4 (34. Kc3) ({White should try} 34. Kc3 $16) 34... Rh2+ $2 (34... a5) (34... Rd8 $11) 35. Kc3 $18 {[%emt 0:00:02] Black must now prevent d5.} Rh3+ (35... c5 36. dxc5 a5) (35... b6 $142 36. d5 Rh3+ 37. Kc2 (37. Kd4 c5+ 38. Ke4 Rh1 $11) 37... Rh2+ 38. Kd3 cxd5) 36. Kb4 b6 {[%emt 0:00:00] [#]} 37. c5 $2 (37. a5 Rh1 38. axb6 axb6 39. c5 bxc5+ 40. dxc5) (37. a5 $1 $18 ) 37... Rh2 $2 (37... Rh1) (37... Rh1 $1 $11) 38. b3 (38. Kc3) 38... Rd2 (38... Rh1 {might work better.} 39. Be4 Rd1) 39. Kc4 Rd1 40. b4 bxc5 41. dxc5 {[%emt 0:00:56] aiming for b5.} a6 (41... Rc1+ 42. Kb3 Kf8) (41... Rc1+ 42. Kb3 Kf8) 42. b5 Rc1+ 43. Kb4 axb5 44. axb5 {[%emt 0:00:01] White mates.} cxb5 45. Kxb5 Kf8 46. c6 Rc3 47. Kb6 Rb3+ 48. Kc7 Ke7 49. g7 Kf7 50. g8=Q+ Kxg8 51. Be6+ Kf8 52. Bxb3 {[%emt 0:00:02] KB-KP} Ke7 53. Kb7 f5 54. c7 fxg4 55. c8=Q Kf6 56. Qxg4 Ke7 57. Qe6+ Kd8 58. Qd6+ Ke8 59. Qc7 Kf8 60. Qf7# {[%emt 0:00:00] Weighted Error Value: White=0.27 (precise) /Black=0.46} 1-0